 Dungeon Crawl Stone Soup version 0.27-a0-760-gc38aae387d (webtiles) character file.

Game seed: 18318133049251680046

37 polve the Slasher (level 3, -3/29 HPs)
             Began as a Demonspawn Abyssal Knight on Mar 25, 2021.
             Was a Follower of Lugonu.
             Slain by an orc wizard
             ... wielding a +0 dagger
              (5 damage)
             ... on level 1 of the Dungeon.
             The game lasted 00:01:38 (1210 turns).

polve the Slasher (Demonspawn Abyssal Knight)       Turns: 1210, Time: 00:01:39

Health: -3/29      AC:  4    Str: 12    XL:     3   Next: 23%
Magic:  4/4        EV: 11    Int: 14    God:    Lugonu [*.....]
Gold:   128        SH:  0    Dex: 12    Spells: 2/2 levels left

rFire    . . .     SeeInvis .   a - +1 falchion
rCold    . . .     Faith    .   (no shield)
rNeg     . . .     Spirit   .   b - +0 leather armour
rPois    .         Reflect  +   (helmet restricted)
rElec    .         Harm     .   e - +0 cloak
rCorr    .         Rampage  .   (no gloves)
Will     .....                  (no boots)
Stlth    +.........             d - amulet of reflection
HPRegen  0.09/turn              (no ring)
MPRegen  0.09/turn              (no ring)

@: confused
A: horns 1
a: Renounce Religion, Depart the Abyss


You were on level 1 of the Dungeon.
You worshipped Lugonu.
Lugonu was aware of your devotion.
You visited 1 branch of the dungeon, and saw 2 of its levels.
You visited the Abyss 1 time.

You collected 128 gold pieces.

Inventory:

Hand Weapons
 a - a +1 falchion (weapon)
Armour
 b - a +0 leather armour (worn)
 e - a +0 cloak (worn)
Jewellery
 d - an amulet of reflection (around neck)
Scrolls
 c - a scroll of brand weapon {unknown}
 h - a scroll of teleportation {unknown}
Potions
 f - a potion of heal wounds
 g - a potion of lignification {unknown}


   Skills:
 - Level 3.0 Fighting
 + Level 3.4 Long Blades
 - Level 1.7 Armour
 - Level 0.8 Dodging
 - Level 2.4 Invocations


You had 2 spell levels left.
You didn't know any spells.
Your spell library was empty.

Dungeon Overview and Level Annotations

Branches:
Dungeon (2/15)

Altars:


Innate Abilities, Weirdness & Mutations

You have a pair of small horns on your head.


Message History

Lugonu accepts your kill.
An endoplasm comes into view.
The orc hits you with a +0 mace.
The orc wizard hits you with a +0 dagger.
You are too injured to fight recklessly!
You are too injured to fight recklessly!
You are too injured to fight recklessly!
You are too injured to fight recklessly!
You are too injured to fight recklessly!
You are too injured to fight recklessly!
You are too injured to fight recklessly!
You are too injured to fight recklessly!
You are too injured to fight recklessly!
The endoplasm hits you.
* * * LOW HITPOINT WARNING * * *
You block the orc's attack.
The orc wizard points at you and mumbles some strange words.
The magic dart hits you.
* * * LOW HITPOINT WARNING * * *
You climb upwards.
There is a stone staircase leading down here.
The endoplasm freezes you.
You are frozen.
* * * LOW HITPOINT WARNING * * *
The orc wizard gestures at itself while chanting.
The orc wizard flickers and vanishes!
Deactivating autopickup; reactivate with Ctrl-A.
You hit the endoplasm.
The endoplasm is severely wounded.
The endoplasm hits you but does no damage.
You barely miss the endoplasm.
The endoplasm is severely wounded.
The endoplasm barely misses you.
You riposte.
You hit the endoplasm.
You kill the endoplasm!
Lugonu accepts your kill.
You hear some strange, mumbled words.
You are confused.
You're too confused to move!
You're too confused to move!
Something hits you.
You die...

≈≈≈≈≈≈≈≈≈≈#.#....#
≈≈≈≈≈≈≈≈≈≈#.#....#
≈≈≈≈≈≈≈≈≈≈#.#....#
≈≈≈≈≈≈≈≈≈≈#...#..#
≈≈≈≈≈≈≈≈≈≈###.#>.#
≈≈≈≈≈≈≈≈≈≈#
#.##o###
≈≈≈≈≈≈≈≈≈≈#
#.##...#
≈≈≈≈≈≈≈≈≈≈#
#.####o#
..........#
#.#.@{.#
⌠⌠⌠>⌠⌠⌠.8.#
#.#.####
..........# #.#.###
###'###+#####.#...#
##..###...........#
..................#
########..........#
#..........#
#.........)#


You could see an orc.

Vanquished Creatures
  2 dart slugs (D:1)
  An orc (D:2)
  6 endoplasms (D:1)
  3 giant cockroaches (D:1)
  A goblin (D:1)
  A hobgoblin (D:1)
  7 ball pythons (D:1)
  2 bats (D:1)
  A frilled lizard (D:1)
  2 kobolds (D:1)
  2 rats (D:1)
28 creatures vanquished.

Notes
Turn   | Place    | Note
-------+----------+-------------------------------------------
     0 | Abyss:1  | polve the Demonspawn Abyssal Knight began the quest for the
                  | Orb.
     0 | Abyss:1  | Reached XP level 1. HP: 18/18 MP: 2/2
    49 | Abyss:2  | Found a corrupted altar of Lugonu.
    72 | Abyss:2  | Noticed a shadow
   130 | Abyss:3  | Noticed a ynoxinul
   160 | Abyss:3  | Noticed a spatial maelstrom
   161 | Abyss:3  | Noticed a spatial vortex
   163 | Abyss:3  | Noticed a spatial vortex
   165 | Abyss:3  | Noticed a spatial vortex
   165 | Abyss:3  | Noticed a spatial vortex
   166 | D:1      | Escaped the Abyss
   406 | D:1      | Reached * piety under Lugonu
   475 | D:1      | Gained mutation: You have a pair of small horns on your
                  | head. [demonic ancestry]
   475 | D:1      | Reached XP level 2. HP: 20/24 MP: 3/3
   658 | D:1      | HP: 1/24 [giant cockroach (2)]
   991 | D:1      | Reached XP level 3. HP: 29/29 MP: 4/4
  1202 | D:1      | HP: 1/29 [endoplasm/Freeze (1)]
  1210 | D:1      | Slain by an orc wizard

Illustrated notes

Levels and vault maps discovered:
D:1:      zaba_arrival_water, layout_basic
D:2:      layout_basic, chequers_ecumenical_altar_island,
          wad_floor_pattern_untrapped

Skill      XL: |  1  2 |
---------------+-------+-----
Long Blades    | 2 3 |  3.4
Fighting       | |  3.0
Armour         | |  1.7
Dodging        | |  0.8
Invocations    | |  2.4

Action                   || total
-------------------------++-------
Melee: Falchion          ||    70
       Headbutt          ||     7
Invok: Depart the Abyss  ||     1
  Use: Potion            ||     2
Armor: Leather armour    ||    28
Dodge: Dodged            ||    65
Block: Other             ||    28
       Reflection        ||     1
       Rpst.: Falchion   ||    24

Table legend: (Time is in decaauts)
 A = Elapsed time spent in this place.
 B = Non-inter-level travel time spent in this place.
 C = Inter-level travel time spent in this place.
 D = Time resting spent in this place.
 E = Time spent auto-exploring this place.
 F = Levels seen in this place.
 G = Mean time per level.
                   A        B        C        D        E       F      G
               +--------+--------+--------+--------+--------+-----+--------+
         Total |   1230 |   1227 |      3 |      0 |    974 |   5 |  246.0 |
       Dungeon |   1062 |   1059 |      3 |      0 |    883 |   2 |  531.0 |
         Abyss |    168 |    168 |      0 |      0 |     91 |   3 |   56.0 |
               +--------+--------+--------+--------+--------+-----+--------+

Top non-repeatable levels by time:
     D:1: 1052 daAuts
 Abyss:3: 89 daAuts
 Abyss:2: 71 daAuts
     D:2: 9 daAuts
 Abyss:1: 7 daAuts
